 Dungeon Sprint DCSS version 0.26-a0-662-g8b9c6dab81 (webtiles) character file.

Game seed: 216287513487452018

60 mhtbhm the Digger (level 3, 0/17 HPs)
             Began as a Deep Elf Earth Elementalist on Oct 9, 2020.
             Slain by a water elemental (4 damage)
             ... in the Dungeon (Sprint III: "The Ten Rune Challenge").
             The game lasted 00:01:09 (196 turns).

mhtbhm the Digger (Deep Elf Earth Elementalist)      Turns: 196, Time: 00:01:11

Health: 0/17       AC:  2    Str:  5    XL:     3   Next: 80%
Magic:  7/11       EV: 14    Int: 20    God:
Gold:   37         SH:  0    Dex: 15    Spells: 6/12 levels left

rFire    . . .     SeeInvis .   (no weapon)
rCold    . . .     Faith    .   (no shield)
rNeg     . . .     Spirit   .   c - +0 robe
rPois    +         Reflect  .   (no helmet)
rElec    .         Harm     .   (no cloak)
rCorr    .         Rampage  .   (no gloves)
MR       .....     NoTele   +   (no boots)
Stlth    +++.......             (no amulet)
HPRegen  0.05/turn              (no ring)
MPRegen  0.12/turn              (no ring)

@: no status effects
A: frail 1, poison resistance
a: no special abilities


You were in the Dungeon.
You visited 1 branch You collected 37 gold pieces.

Inventory:

Missiles
 b - 18 stones (quivered)
Armour
 c - a +0 robe (worn)
Scrolls
 a - a scroll of immolation {unknown}
 i - a scroll of blinking
 j - 4 scrolls of identify
 k - 2 scrolls of remove curse {unknown}
 l - a scroll of holy word {unknown}
Potions
 d - a potion of curing
 e - a potion of heal wounds
 f - 2 potions of haste
 g - 2 potions of magic
 h - a potion of berserk rage
 m - a potion of brilliance {unknown}


   Skills:
 + Level 4.0 Dodging
 + Level 3.6 Stealth
 + Level 5.4 Spellcasting
 + Level 1.1 Transmutations
 + Level 6.9 Earth Magic


You had 6 spell levels left.
You knew the following spells:

 Your Spells              Type           Power        Failure   Level
a - Sandblast             Erth           ####..       1%          1
b - Passwall              Tmut/Erth      ###.....     3%          2
c - Stone Arrow           Conj/Erth      ###...       8%          3

Your spell library contained the following spells:

 Spells                   Type           Power        Failure   Level
 Lee's Rapid Deconstruct  Erth           ####......   17%         5
 Petrify                  Tmut/Erth      ###.....     22%         4


Dungeon Overview and Level Annotations

Branches:
Dungeon (1/1)

Altars:


Innate Abilities, Weirdness & Mutations

You are frail. (-10% HP)
Your system is resistant to poisons. (rPois)


Message History

You gasp with relief as air once again reaches your lungs.
Casting: Sandblast (safe; 1% risk of failure)
Confirm with . or Enter, or press ? or * to list all spells.
Aiming: Sandblast (safe; 1% risk of failure)
Press: ? - help, Shift-Dir - straight line, f/p - water elemental
Aim: a water elemental (moderately damaged)
The blast of sand hits the water elemental!
The water elemental is severely damaged.
b - 19 stones The water elemental barely misses you.
Casting: Sandblast (safe; 1% risk of failure)
Confirm with . or Enter, or press ? or * to list all spells.
Aiming: Sandblast (safe; 1% risk of failure)
Press: ? - help, Shift-Dir - straight line, f/p - water elemental
Aim: a water elemental (severely damaged)
The blast of sand hits the water elemental!
The water elemental is almost destroyed.
b - 18 stones The water elemental hits you.
You die...

▓▓▓▓▓▓▓▓▓▓▓▓▓ ▓▓▓
▓<.#..'...♣.♣ ♣.#
▓..#..#....♣♣♣ ♣.#
▓#'####....♣.♣ ..#
▓.†...#.†..≈♣ ♣♣.# #+#+#
▓....†#...≈≈♣♣♣♣..#......
▓.....#..≈≈≈≈♣♣.@E'.⌠....
▓####'#..≈≈≈≈≈≈.♣.#...###
▓.....#.≈≈≈≈≈≈....# ⌠.#
▓...).#.≈≈≈≈≈.....# .#
▓.....#.≈≈≈.......# #
▓'#####...........#
▓.................#
▓▓▓▓▓▓▓▓▓▓▓▓▓▓▓▓▓▓▓


You could see a water elemental.

Vanquished Creatures
  Jessica (D)
  A human (D)
  A wolf (D)
  3 rats (D)
6 creatures vanquished.

Notes
Turn   | Place    | Note
-------+----------+-------------------------------------------
     0 | D        | mhtbhm the Deep Elf Earth Elementalist began the quest for
                  | the Orb.
     0 | D        | Reached XP level 1. HP: 10/10 MP: 6/6
    29 | D        | Noticed Jessica
    30 | D        | Killed Jessica
    30 | D        | Reached skill level 5 in Earth Magic
    30 | D        | Reached XP level 2. HP: 15/15 MP: 5/9
    94 | D        | Reached skill level 5 in Spellcasting
    94 | D        | Reached skill level 6 in Earth Magic
    94 | D        | Reached XP level 3. HP: 19/19 MP: 6/11
    98 | D        | Learned a level 2 spell: Passwall
   102 | D        | Learned a level 3 spell: Stone Arrow
   166 | D        | Gained mutation: Your body sometimes deteriorates upon
                  | taking damage. [potion of mutation]
   166 | D        | Gained mutation: You evolve. [potion of mutation]
   167 | D        | Lost mutation: Your body sometimes deteriorates upon taking
                  | damage. [potion of mutation]
   167 | D        | Lost mutation: You evolve. [potion of mutation]
   167 | D        | Gained mutation: Your system is resistant to poisons.
                  | (rPois) [potion of mutation]
   167 | D        | Gained mutation: You are somewhat resistant to further
                  | mutation. [potion of mutation]
   167 | D        | Gained mutation: Scrolls take you a little longer to read.
                  | [potion of mutation]
   167 | D        | Gained mutation: You are partially covered in slimy green
                  | scales. (AC +2) [potion of mutation]
   168 | D        | Lost mutation: Scrolls take you a little longer to read.
                  | [potion of mutation]
   168 | D        | Lost mutation: Your system is resistant to poisons. (rPois)
                  | [potion of mutation]
   168 | D        | Lost mutation: You are somewhat resistant to further
                  | mutation. [potion of mutation]
   168 | D        | Gained mutation: You have a pair of small horns on your
                  | head. [potion of mutation]
   168 | D        | Gained mutation: Your spells are a little harder to cast,
                  | but a little more powerful. [potion of mutation]
   168 | D        | Gained mutation: You are partially covered in icy blue
                  | scales. (AC +2) [potion of mutation]
   180 | D        | Lost mutation: You have a pair of small horns on your head.
                  | [potion of mutation]
   180 | D        | Lost mutation: Your spells are a little harder to cast, but
                  | a little more powerful. [potion of mutation]
   180 | D        | Lost mutation: You are partially covered in slimy green
                  | scales. (AC +2) [potion of mutation]
   180 | D        | Lost mutation: You are partially covered in icy blue
                  | scales. (AC +2) [potion of mutation]
   180 | D        | Gained mutation: You are somewhat resistant to further
                  | mutation. [potion of mutation]
   181 | D        | Lost mutation: You are somewhat resistant to further
                  | mutation. [potion of mutation]
   181 | D        | Gained mutation: Your magical capacity is low. (-10% MP)
                  | [potion of mutation]
   181 | D        | Gained mutation: You have a pair of small horns on your
                  | head. [potion of mutation]
   182 | D        | Lost mutation: You have a pair of small horns on your head.
                  | [potion of mutation]
   182 | D        | Lost mutation: Your magical capacity is low. (-10% MP)
                  | [potion of mutation]
   182 | D        | Gained mutation: You are frail. (-10% HP) [potion of
                  | mutation]
   182 | D        | Gained mutation: Your system is resistant to poisons.
                  | (rPois) [potion of mutation]
   191 | D        | Noticed a water elemental
   196 | D        | Slain by a water elemental

Illustrated notes

Levels and vault maps discovered:
D:        dungeon_sprint_mu [sprint_mu_entry_forest, sprint_mu_temple_rooms,
          sprint_mu_d1_spiders, sprint_mu_d2_genie, sprint_mu_d3_branching,
          sprint_mu_orc_legion, sprint_mu_elf_gauntlet, sprint_mu_hive_nellie,
          sprint_mu_lair_fedhas, sprint_mu_vaults_butterflies,
          sprint_mu_slime_circle, sprint_mu_shoals_archi,
          sprint_mu_snake_twists, sprint_mu_blade_basic,
          sprint_mu_crypt_chambers, sprint_mu_tomb_spiral,
          sprint_mu_vestibule_basic, sprint_mu_gehenna_hellfire,
          sprint_mu_dis_giant, sprint_mu_tartarus_statrot,
          sprint_mu_cocytus_islands, sprint_mu_zot1]

Skill      XL: |  1  2  3 |
---------------+----------+-----
Dodging        | 3 4 |  4.0
Stealth        | 3 |  3.6
Spellcasting   | 4 5 |  5.4
Earth Magic    | 5 6 |  6.9
Transmutations | |  1.1

Action                   || total
-------------------------++-------
 Cast: Sandblast         ||    12
       Stone Arrow       ||     1
  Use: Potion            ||     6
Dodge: Dodged            ||     1

Table legend: (Time is in decaauts)
 A = Elapsed time spent in this place.
 B = Non-inter-level travel time spent in this place.
 C = Inter-level travel time spent in this place.
 D = Time resting spent in this place.
 E = Time spent auto-exploring this place.
 F = Levels seen in this place.
 G = Mean time per level.
                   A        B        C        D        E       F      G
               +--------+--------+--------+--------+--------+-----+--------+
         Total |    198 |    198 |      0 |     87 |      1 |   1 |  198.0 |
       Dungeon |    198 |    198 |      0 |     87 |      1 |   1 |  198.0 |
               +--------+--------+--------+--------+--------+-----+--------+

Top non-repeatable levels by time:
       D: 198 daAuts
